 Dungeon Crawl Stone Soup version 0.22.0-75-g3901e79 (webtiles) character file.

878 ichi404 the Slasher (level 7, -2/64 HPs)
             Began as a Deep Dwarf Warper on Sept 11, 2018.
             Slain by a water moccasin (4 damage)
             ... on level 5 of the Dungeon.
             The game lasted 00:23:44 (2948 turns).

ichi404 the Slasher (Deep Dwarf Warper)             Turns: 2948, Time: 00:23:44

Health: -2/64      AC:  3    Str: 19    XL:     7   Next: 75%
Magic:  0/0        EV:  2    Int: 13    God:
Gold:   271        SH:  0    Dex: -10 (12)Spells: 10/10 levels left

rFire    . . .     SeeInvis .   s - +1 dagger of Analysis {vamp, rPois MR- Str+2} (curse)
rCold    + . .     Gourm    .   (no shield)
rNeg     . . .     Faith    .   b - +0 leather armour
rPois    +         Spirit   .   (helmet restricted)
rElec    .         Reflect  .   (no cloak)
rCorr    .         Harm     .   (no gloves)
MR       .....                  (no boots)
Stlth    ..........             (no amulet)
HPRegen  0.00/turn              j - ring of poison resistance
MPRegen  0.07/turn              (no ring)

@: lethally poisoned (-2 -> -2), non-regenerating, slowed, lost dexterity, very
slow
A: damage resistance, heal wounds, horns 1, cold resistance 1, sense
surroundings 1, poison resistance, no regeneration
a: Heal Wounds


You were on level 5 of the Dungeon.
You were not hungry.

You visited 1 branch of the dungeon, and saw 5 of its levels.
You also visited: Sewer.

You collected 271 gold pieces.

Inventory:

Hand Weapons
 a - a +0 falchion
 s - the cursed +1 dagger of Analysis (weapon) {vamp, rPois MR- Str+2}
   (You found it on level 4 of the Dungeon)

   It inflicts no extra harm, but heals its wielder when it wounds a living foe.
   It affects your strength (+2).
   It protects you from poison.
   It affects your resistance to hostile enchantments.
   It has a curse placed upon it.
 v - a +0 scythe
Missiles
 e - 4 tomahawks of dispersal (quivered)
Armour
 b - a +0 leather armour (worn)
 w - a +0 robe
Jewellery
 j - a ring of poison resistance (left hand)
Wands
 p - a wand of flame (29)
 r - a wand of iceblast (9)
Scrolls
 c - a scroll of immolation {unknown}
 d - 2 scrolls of blinking
 h - a scroll of identify
 i - 2 scrolls of enchant weapon {unknown}
 k - a scroll of noise {unknown}
 l - a scroll of fog {unknown}
 n - 4 scrolls of remove curse {unknown}
 o - 6 scrolls of teleportation
 q - a scroll of torment {unknown}
Potions
 t - a potion of berserk rage
Comestibles
 f - 11 rations


   Skills:
 + Level 4.0 Fighting
 * Level 1.3(3.1) Short Blades
 + Level 5.0(5.1) Long Blades
 + Level 1.3 Throwing
 + Level 4.0 Armour
 + Level 4.5 Dodging
 + Level 2.1 Stealth
 + Level 2.2 Spellcasting
   Level 3.2 Translocations


You had 10 spell levels left.
You didn't know any spells.
Your spell library contained the following spells:

 Spells                   Type           Power        Failure   Level  Hunger
 Blink                    Tloc           N/A          11%         2    ###....
 Shroud of Golubria       Chrm/Tloc      #.........   22%         2    ###....
 Gell's Gravitas          Tloc           #.........   22%         3    ####...
 Lesser Beckoning         Tloc           #.........   22%         3    ####...
 Teleport Other           Tloc           #.......     22%         3    ####...
 Passage of Golubria      Tloc           N/A          58%         4    #####..


Dungeon Overview and Level Annotations

Branches:
Dungeon (5/15)
 Temple: D:4-7

Altars:
Nemelex Xobeh


Innate Abilities, Weirdness & Mutations

You are resistant to damage.
You can heal yourself by infusing magical energy.
You passively map a small area around you.
You do not regenerate.
You have a pair of small horns on your head.
Your flesh is cold resistant. (rC+)
Your system is resistant to poisons. (rPois)


Message History

The water moccasin completely misses you.
The water moccasin bites you but does no damage.
You closely miss the water moccasin.
The water moccasin is severely wounded.
The water moccasin bites you.
You hit the water moccasin but do no damage.
The water moccasin is severely wounded.
The water moccasin bites you!
* * * LOW HITPOINT WARNING * * *
The water moccasin bites you.
* * * LOW HITPOINT WARNING * * *
It was a potion of magic.
Magic courses through your body.
The water moccasin bites you but does no damage.
The water moccasin bites you!
* * * LOW HITPOINT WARNING * * *
It was a potion of mutation.
You feel extremely strange.
You feel resistant to poisons.
You feel resistant to cold. A pair of horns grows on your head!
The water moccasin barely misses you. The water moccasin bites you.
You die...

.#.⌠.⌠..# ,,,, *
.... ...,, * * * ##
..#*#.# * , #.#
##.# #.#####.#
..###..###.......#
, #.#.........#####
* , #.#.######)#
*#...# ###S### * ,
#.####.# #..@..# *
, #......# #.....#
* ######.# #.....#,
, #.# #.....# , *,
#.# #.....# ,, #.#
#######, * , #.# ,
, #.# ,
#.###############.#


You could see a water moccasin.

Vanquished Creatures
  Sigmund (D:4)
  A necrophage (D:5)
  A crocodile (Sewer)
  Blork the orc (D:5)
  A scorpion (D:2)
  2 howler monkeys
  A hound (D:5)
  A quasit (D:5)
  A jelly (D:5)
  Jessica (D:3)
  An iguana (D:4)
  Natasha (thrice) (D:4)
  5 adders
  2 oozes
  An adder zombie (D:5)
  2 worms
  3 dart slugs
  8 leopard geckos
  An orc (D:4)
  2 ball pythons
  5 giant cockroaches
  A goblin (D:3)
  12 hobgoblins
  6 jackals
  6 kobolds
  2 quokkas
  10 bats
  4 frilled lizards
  8 rats
93 creatures vanquished.

Notes
Turn   | Place    | Note
-------+----------+-------------------------------------------
     0 | D:1      | ichi404 the Deep Dwarf Warper began the quest for the Orb.
     0 | D:1      | Reached XP level 1. HP: 19/19 MP: 3/3
    31 | D:1      | Reached skill level 1 in Throwing
   235 | D:1      | Reached XP level 2. HP: 23/26 MP: 5/5
   460 | D:2      | Reached XP level 3. HP: 29/33 MP: 6/6
   865 | D:2      | Noticed a scorpion
   882 | D:2      | Killed a scorpion
   882 | D:2      | Reached skill level 3 in Long Blades
   882 | D:2      | Reached XP level 4. HP: 7/40 MP: 7/7
  1429 | D:3      | Reached XP level 5. HP: 30/46 MP: 8/8
  1467 | D:3      | Found a glowing drain.
  1508 | Sewer    | Entered a sewer
  1559 | Sewer    | Noticed a crocodile
  1583 | Sewer    | Killed a crocodile
  1710 | D:3      | Noticed Jessica
  1718 | D:3      | Killed Jessica
  1798 | D:3      | Reached XP level 6. HP: 31/56 MP: 9/9
  2159 | D:4      | Reached skill level 4 in Long Blades
  2200 | D:4      | Noticed Natasha
  2202 | D:4      | Noticed Sigmund
  2216 | D:4      | Killed Natasha
  2225 | D:4      | Reached skill level 1 in Stealth
  2231 | D:4      | Noticed Natasha
  2256 | D:4      | Killed Natasha
  2271 | D:4      | Killed Sigmund
  2271 | D:4      | Reached XP level 7. HP: 26/63 MP: 6/6
  2286 | D:4      | Noticed Natasha
  2295 | D:4      | Killed Natasha
  2568 | D:4      | Got a brightly glowing dagger
  2569 | D:4      | Identified the cursed +1 dagger of Analysis {vamp, rPois
                  | MR- Str+2} (You found it on level 4 of the Dungeon)
  2596 | D:5      | Entered Level 5 of the Dungeon
  2617 | D:5      | Found a sparkling altar of Nemelex Xobeh.
  2663 | D:5      | Reached skill level 5 in Long Blades
  2690 | D:5      | Noticed Blork the orc
  2737 | D:5      | Lost dexterity.
  2797 | D:5      | Killed Blork the orc
  2797 | D:5      | Reached skill level 1 in Short Blades
  2947 | D:5      | HP: 2/64 [water moccasin (4)]
  2948 | D:5      | Gained mutation: Your system is resistant to poisons.
                  | (rPois) [potion of mutation]
  2948 | D:5      | Gained mutation: Your flesh is cold resistant. (rC+)
                  | [potion of mutation]
  2948 | D:5      | Gained mutation: You have a pair of small horns on your
                  | head. [potion of mutation]
  2948 | D:5      | Slain by a water moccasin

Skill      XL: |  1  2  3  4  5  6  7 |
---------------+----------------------+-----
Fighting       | 2 3 4 |  4.0
Throwing       | 1 |  1.3
Spellcasting   | 2 |  2.2
Armour         | 2 3 4 |  4.0
Long Blades    | 3 4 5 |  5.0
Dodging        | 3 4 |  4.5
Stealth        | 1 2 |  2.1
Short Blades   | 1 |  1.3
Translocations | |  3.2

Action                   |  1- 3 |  4- 6 |  7- 9 || total
-------------------------+-------+-------+-------++-------
Melee: Falchion          |   117 |   199 |     7 ||   323
       Dagger            |       |       |   188 ||   188
Throw: Tomahawk          |       |     1 |       ||     1
 Abil: Heal Wounds       |     2 |    18 |    20 ||    40
  Use: Scroll            |     1 |       |     4 ||     5
       Potion            |       |       |     8 ||     8
 Stab: Sleeping          |     1 |     1 |       ||     2
  Eat: Ration            |       |     2 |     2 ||     4
Armor: Leather armour    |    26 |    49 |   126 ||   201
Dodge: Dodged            |    91 |   185 |   130 ||   406
       Rpst.: Falchion   |    25 |    61 |     2 ||    88
